 Dungeon Crawl Stone Soup version 0.13-a0-2979-gb6a86b3 (webtiles) character file.

19334 NoamChomsky the Carver (level 12, -1/105 HPs)
             Began as a Minotaur Fighter on Sept 7, 2013.
             Was an Elder of Okawaru.
             Slain by a 11-headed hydra (4 damage)
             ... on Level 1 of the Lair of Beasts on Sept 8, 2013.
             The game lasted 01:37:16 (18572 turns).

NoamChomsky the Carver (Minotaur Fighter)          Turns: 18572, Time: 01:37:16

HP  -1/105       AC 14     Str 24      XL: 12   Next: 29%
MP   2/4         EV  9     Int  3      God: Okawaru [****..]
Gold 739         SH 30     Dex 12      Spells:  0 memorised, 11 levels left

Res.Fire  : + . .   See Invis. : +   t - +2,+1 falchion
Res.Cold  : . . .   Warding    : .   g - +2 scale mail {MR+}
Life Prot.: . . .   Conserve   : .   c - +0 shield
Res.Poison: .       Res.Corr.  : .   (helmet restricted)
Res.Elec. : .       Clarity    : .   j - +0 cloak
Sust.Abil.: . .     Spirit.Shd : .   e - +0 pair of gauntlets
Res.Mut.  : .       Stasis     : .   q - +0 pair of boots
Res.Rott. : .       Flight     : .   (no amulet)
Saprovore : . . .                    u - ring of see invisible
                                     f - ring of protection from fire

@: heroism, quite resistant to hostile enchantments, very unstealthy
A: retaliatory headbutt, horns 2, deformed body, +10% mp, Int -2
a: Heroism, Renounce Religion


You were on level 1 of the Lair of Beasts.
You worshipped Okawaru.
Okawaru was extremely pleased with you.
You were hungry.

You visited 3 branches of the dungeon, and saw 15 of its levels.

You collected 719 gold pieces.

Inventory:

Hand weapons
 n - a +1,+0 bow of flame
 t - a +2,+1 falchion (weapon)
 C - a +2,+0 elven long sword
Armour
 c - a +0 shield (worn)
 e - a +0 pair of gauntlets (worn)
 g - a +2 scale mail of magic resistance (worn)
 j - a +0 cloak (worn)
 q - a +0 pair of boots (worn)
Magical devices
 E - a wand of frost (7) {unknown}
Comestibles
 d - 3 bread rations
 l - a pear
 p - 2 meat rations
 s - an apple
Scrolls
 h - 5 scrolls of identify
 k - 3 scrolls of remove curse
 m - a scroll of fear
 o - 2 scrolls of amnesia
 v - a scroll of fog
Jewellery
 f - a ring of protection from fire (left hand)
 r - an uncursed ring of positive energy
 u - a ring of see invisible (right hand)
Potions
 x - a potion of magic
 A - a potion of restore abilities
 B - 2 potions of curing
 F - a potion of resistance
Books
 a - a book of Callings

   Spells                             Type                      Level
   Summon Small Mammal                Summoning                    1
   Call Imp                           Summoning                    2
   Call Canine Familiar               Summoning                    3
   Summon Scorpions                   Summoning/Poison             4
   Summon Ice Beast                   Ice/Summoning                4
 b - a book of Battle

   Spells                             Type                      Level
   Infusion                           Charms                       1
   Shroud of Golubria                 Charms/Translocation         2
   Song of Slaying                    Charms                       2
   Spectral Weapon                    Hexes/Charms                 3
   Regeneration                       Charms/Necromancy            3
   Song of Shielding                  Charms                       4
 i - a book of Power

   Spells                             Type                      Level
   Iskenderun's Mystic Blast          Conjuration                  4
   Venom Bolt                         Conjuration/Poison           5
   Bolt of Magma                      Conjuration/Fire/Earth       5
   Fulminant Prism                    Conjuration/Hexes            5
   Iron Shot                          Conjuration/Earth            6
   Orb of Destruction                 Conjuration                  7
 w - a book of Unlife

   Spells                             Type                      Level
   Recall                             Summoning/Translocation      3
   Animate Dead                       Necromancy                   4
   Control Undead                     Necromancy                   4
   Twisted Resurrection               Necromancy                   5
   Death Channel                      Necromancy                   6
   Simulacrum                         Ice/Necromancy               6
 y - a book of Unlife

   Spells                             Type                      Level
   Recall                             Summoning/Translocation      3
   Animate Dead                       Necromancy                   4
   Control Undead                     Necromancy                   4
   Twisted Resurrection               Necromancy                   5
   Death Channel                      Necromancy                   6
   Simulacrum                         Ice/Necromancy               6
Miscellaneous
 z - a disc of storms
 D - a sack of spiders
Carrion
 H - a rat skeleton


   Skills:
 + Level 11.4(16.4) Fighting
 + Level 14.5(19.5) Long Blades
 + Level 11.4(16.4) Armour
 + Level 11.8(16.8) Shields


You had 11 spell levels left.
You didn't know any spells.

Dungeon Overview and Level Annotations

Branches:
Dungeon (13/27)            Temple (1/1) D:4             Orc (0/4) D:9
   Lair (1/8) D:11

Altars:
Ashenzari
Cheibriados
Elyvilon
Fedhas
Kikubaaqudgha
Makhleb
Nemelex Xobeh
Okawaru
Sif Muna
Trog
Vehumet
Xom
Yredelemnul
Zin
the Shining One
Beogh

Shops:
D:10 +

Annotations:
D:13 shugdite's ghost, powerful MiMo


Innate Abilities, Weirdness & Mutations

You reflexively headbutt those who attack you in melee.
You have a pair of horns on your head.
Armour fits poorly on your strangely shaped body.
You are dopey. (Int -2)
You have an increased reservoir of magic (+10% MP).


Message History

The 11-headed hydra bites you. The 11-headed hydra closely misses you.
The 11-headed hydra bites you!
* * * LOW HITPOINT WARNING * * *
The 11-headed hydra bites you but does no damage.
The 11-headed hydra bites you.
* * * LOW HITPOINT WARNING * * *
The 11-headed hydra closely misses you. The 11-headed hydra bites you.
* * * LOW HITPOINT WARNING * * *
You block the 11-headed hydra's attack. The 11-headed hydra bites you.
* * * LOW HITPOINT WARNING * * *
You block the 11-headed hydra's attack. The 11-headed hydra bites you.
* * * LOW HITPOINT WARNING * * *
The 11-headed hydra bites you but does no damage.
You block the 11-headed hydra's attack. The 11-headed hydra bites you.
* * * LOW HITPOINT WARNING * * *
The 11-headed hydra bites you.
* * * LOW HITPOINT WARNING * * *
The 11-headed hydra bites you but does no damage.
The 11-headed hydra bites you.
You die...

#.# ### #..##### #####'#####
##..##.# #[..%.....# #....##
#.........# ####.##..#####
#.........# #.#.......#.#.
#.........# #.#.#.P.#.#...
#..∩......# #.#.#..>..%...
#.........#####...##...#..##
#.........'@#.#.....#.....#
#.........#.D...#....######
#.........#####...#..
#.........# #.#..##
########### #.#..... ###
#.## ##


You could see a 11-headed hydra.

Vanquished Creatures
  Harold (D:12)
  A centaur warrior (D:12)
  An unseen horror (D:10)
  2 hill giants
  The ghost of katzbalger the Skirmisher, an experienced KoHu of Okawaru (D:8)
  A cyclops (D:11)
  2 spiny frogs (Lair:1)
  Grinder (D:3)
  A troll (D:10)
  A fire drake (Lair:1)
  A hydra skeleton (D:12)
  2 ravens (D:6)
  A trapdoor spider zombie (D:12)
  3 two-headed ogres
  A basilisk (Lair:1)
  6 ugly things (D:12)
  2 wraiths (D:10)
  18 yaks
  4 hippogriffs
  4 manticores
  3 hungry ghosts
  2 mottled dragons
  5 sky beasts
  3 ice beasts
  A black bear (D:10)
  4 ogres
  6 orc warriors
  2 yellow wasps (D:10)
  12 centaurs
  4 phantoms
  2 crocodiles (Lair:1)
  The ghost of 4tharraofdagon the Covered, an average DjFi (D:4)
  A gnoll sergeant (D:10)
  3 giant frogs
  2 giant slugs
  A yaktaur zombie (D:13)
  4 water moccasins
  An agate snail (Lair:1)
  11 killer bees
  A quasit (D:10)
  6 wights
  A giant frog zombie (D:8)
  2 goliath beetles
  A centaur zombie (D:6)
  3 crimson imps
  5 hounds
  8 orc priests
  4 jellies
  A basilisk skeleton (D:12)
  9 orc wizards
  4 scorpions
  3 iguanas
  8 worker ants
  A sky beast zombie (D:10)
  A mottled dragon zombie (D:12)
  A mummy (D:10)
  6 adders
  3 gnolls (D:10)
  A giant centipede (Lair:1)
  3 giant mites
  5 worms
  2 goliath beetle zombies
  An adder zombie (D:7)
  4 giant eyeballs
  An ooze (D:5)
  31 orcs
  15 bats
  6 giant cockroaches
  9 goblins
  16 hobgoblins
  18 jackals
  16 kobolds
  5 quokkas
  9 giant geckos
  2 giant newts
  A quokka skeleton (D:8)
  A quokka zombie (D:5)
  12 rats
  4 ballistomycetes
  A plant (D:12)
353 creatures vanquished.

Vanquished Creatures (others)
  3 spiders (D:11)
  3 giant spores
  4 ballistomycetes (D:8)
10 creatures vanquished.

Grand Total: 363 creatures vanquished

Notes
Turn   | Place    | Note
--------------------------------------------------------------
     0 | D:1      | NoamChomsky, the Minotaur Fighter, began the quest for the Orb.
     0 | D:1      | Reached XP level 1. HP: 19/19 MP: 0/0
   115 | D:1      | Reached XP level 2. HP: 19/26 MP: 0/0
   607 | D:1      | Reached skill level 4 in Long Blades
   816 | D:2      | Reached XP level 3. HP: 33/33 MP: 1/1
  1306 | D:2      | Reached skill level 5 in Long Blades
  1648 | D:3      | Found a white marble altar of Elyvilon.
  1715 | D:3      | Reached XP level 4. HP: 34/39 MP: 1/1
  1973 | D:3      | Noticed Grinder
  1974 | D:3      | Paralysed by Grinder for 5 turns
  1991 | D:3      | Killed Grinder
  1991 | D:3      | Reached skill level 7 in Long Blades
  1991 | D:3      | Reached XP level 5. HP: 46/46 MP: 1/1
  1991 | D:3      | Reached XP level 6. HP: 52/52 MP: 2/2
  2176 | D:3      | Reached skill level 8 in Long Blades
  2463 | D:4      | Found a sparkling altar of Nemelex Xobeh.
  2976 | D:4      | Reached skill level 9 in Long Blades
  3314 | D:4      | Found a staircase to the Ecumenical Temple.
  3324 | Temple   | Entered the Ecumenical Temple
  3380 | Temple   | Became a worshipper of Warmaster Okawaru
  3517 | D:4      | Noticed 4tharraofdagon's ghost (average DjFi)
  3536 | D:4      | Killed 4tharraofdagon's ghost
  3536 | D:4      | Reached XP level 7. HP: 57/59 MP: 2/2
  3548 | D:5      | Entered Level 5 of the Dungeon
  3795 | D:5      | Reached skill level 10 in Long Blades
  4685 | D:6      | Acquired Okawaru's first power
  4685 | D:6      | Reached XP level 8. HP: 65/67 MP: 2/2
  5014 | D:6      | Noticed a raven
  5014 | D:6      | Noticed a raven
  5022 | D:6      | Killed a raven
  5022 | D:6      | Reached skill level 5 in Fighting
  5022 | D:6      | Reached skill level 11 in Long Blades
  5022 | D:6      | Reached skill level 5 in Armour
  5022 | D:6      | Reached skill level 5 in Shields
  5026 | D:6      | Killed a raven
  5254 | D:6      | Paralysed by a giant eyeball for 3 turns
  5262 | D:6      | Paralysed by a giant eyeball for 3 turns
  5491 | D:6      | Reached XP level 9. HP: 41/74 MP: 3/3
  6044 | D:7      | Found a snail-covered altar of Cheibriados.
  6044 | D:7      | Found a basalt altar of Yredelemnul.
  7049 | D:7      | Reached skill level 12 in Long Blades
  7778 | D:7      | Gained mutation: Armour fits poorly on your strangely shaped body. [potion of mutation]
  7778 | D:7      | Gained mutation: You are dopey. (Int -2) [potion of mutation]
  7778 | D:7      | Gained mutation: You have an increased reservoir of magic (+10% MP). [potion of mutation]
  8110 | D:8      | Noticed katzbalger's ghost (experienced KoHu)
  8125 | D:8      | Killed katzbalger's ghost
  8125 | D:8      | Reached XP level 10. HP: 63/84 MP: 1/3
  8433 | D:8      | Found a sparkling altar of Nemelex Xobeh.
  8744 | D:8      | Noticed an eight-headed hydra
  9148 | D:9      | Found a staircase to the Orcish Mines.
  9174 | D:9      | Found a roughly hewn altar of Beogh.
  9658 | D:10     | Entered Level 10 of the Dungeon
  9658 | D:10     | Found Caoqat Bro's Book Emporium.
  9668 | D:10     | Paralysed by a giant eyeball for 3 turns
 10793 | D:10     | Reached skill level 13 in Long Blades
 11540 | D:10     | Noticed an unseen horror
 11558 | D:10     | Killed an unseen horror
 12007 | D:11     | Reached XP level 11. HP: 83/93 MP: 3/3
 12052 | D:11     | Found a staircase to the Lair.
 12106 | D:11     | Noticed a hill giant
 13044 | D:11     | Killed a hill giant
 13259 | D:11     | Reached skill level 10 in Shields
 13494 | D:11     | Reached skill level 10 in Fighting
 13494 | D:11     | Reached skill level 10 in Armour
 14437 | D:12     | Noticed a centaur warrior
 14445 | D:12     | Killed a centaur warrior
 15136 | D:12     | Noticed a hill giant
 15145 | D:12     | Killed a hill giant
 15233 | D:12     | Reached skill level 14 in Long Blades
 15280 | D:12     | Acquired Okawaru's second power
 15854 | D:12     | Noticed Harold
 15954 | D:12     | Reached XP level 12. HP: 24/104 MP: 1/4
 16558 | D:12     | Paralysed by a giant eyeball for 2 turns
 16939 | D:12     | Killed Harold
 17140 | D:13     | Noticed shugdite's ghost (powerful MiMo)
 17471 | D:11     | Found a staircase to the Lair.
 17484 | Lair:1   | Entered Level 1 of the Lair of Beasts
 18553 | Lair:1   | Noticed a four-headed hydra
 18572 | Lair:1   | HP: 3/105 [11-headed hydra (6)]
 18572 | Lair:1   | Slain by a 11-headed hydra

Action                   |  1- 3 |  4- 6 |  7- 9 | 10-12 || total
-------------------------+-------+-------+-------+-------++-------
Melee: Falchion          |   122 |   115 |   348 |   460 ||  1045
       Scimitar          |       |       |       |   556 ||   556
Invok: Heroism           |       |       |     5 |    22 ||    27
Evoke: Miscellaneous     |       |       |       |     2 ||     2
  Use: Scroll            |       |     4 |    17 |    12 ||    33
       Potion            |       |       |    10 |    10 ||    20
